 Dungeon Crawl Stone Soup version 0.29-a0-25-g7f48f510a0 (webtiles) character file.

Game seed: 7314802148880252513

59 bande the Covered (level 4, 0/29 HPs)
             Began as a Gargoyle Fighter on Feb 1, 2022.
             Slain by a gnoll (10 damage)
             ... on level 2 of the Dungeon.
             The game lasted 00:01:54 (1340 turns).

bande the Covered (Gargoyle Fighter)                Turns: 1340, Time: 00:01:55

Health: 0/29       AC: 11    Str: 19    XL:     4   Next: 3%
Magic:  4/4        EV:  9    Int:  9    God:
Gold:   25         SH:  4    Dex: 11    Spells: 3/3 levels left

rFire   . . .      SeeInvis .   a - +1 war axe
rCold   . . .      Faith    .   c - +0 buckler
rNeg    + . .      Spirit   .   b - +0 scale mail
rPois   ∞          Reflect  .   (no helmet)
rElec   +          Harm     .   (no cloak)
rCorr   .          Rampage  .   (no gloves)
Will    .....                   g - +0 pair of boots
Stlth   ..........              (no amulet)
HPRegen 0.09/turn               (no ring)
MPRegen 0.09/turn               (no ring)

@: no status effects
A: sickness immunity, AC +3, negative energy resistance 1, electricity
resistance, torment resistance 1, petrification resistance
a: no special abilities


You were on level 2 of the Dungeon.
You visited 1 branch of the dungeon, and saw 2 of its levels.

You collected 25 gold pieces.

Inventory:

Hand Weapons
 a - a +1 war axe (weapon)
Armour
 b - a +0 scale mail (worn)
 c - a +0 buckler (worn)
 g - a +0 pair of boots (worn)
Scrolls
 i - 2 scrolls of holy word
Potions
 d - a potion of might
 e - a potion of curing {unknown}
 f - a potion of mutation {unknown}
 h - 2 potions of lignification {unknown}


   Skills:
 + Level 3.8 Fighting
 + Level 2.7 Axes
 + Level 3.9 Armour
 + Level 3.5 Shields


You had 3 spell levels left.
You didn't know any spells.
Your spell library was empty.

Dungeon Overview and Level Annotations

Branches:
Dungeon (2/15)

Altars:

Shops:
D:1 ?   D:2 =


Innate Abilities, Weirdness & Mutations

You are immune to sickness and miasma.
Your stone body is resilient. (AC +3)
You are immune to poison.
You resist negative energy. (rN+)
You are resistant to electric shocks. (rElec)
You are resistant to unholy torment.
You are immune to petrification.


Message History

The gnoll is moderately wounded.
You closely miss the gnoll. The gnoll hits you but does no damage.
The gnoll hits you with a +0 club. The gnoll barely misses you.
You block the gnoll's attack.
You hit the gnoll.
The gnoll is moderately wounded.
You hit the gnoll. You block the gnoll's attack. x2
You slash the gnoll!
You kill the gnoll!
You barely miss the gnoll. The gnoll barely misses you.
The gnoll hits you with a +0 whip. You block the gnoll's attack.
You closely miss the gnoll.
The gnoll is moderately wounded.
You hit the gnoll. The gnoll hits you with a +0 whip.
The gnoll barely misses you.
You hit the gnoll.
The gnoll is severely wounded.
You hit the gnoll. The gnoll barely misses you.
The gnoll hits you with a +0 club. The gnoll hits you with a +0 whip!
You are too injured to fight recklessly!
You are too injured to fight recklessly!
You are too injured to fight recklessly!
You are too injured to fight recklessly!
You are too injured to fight recklessly!
You are too injured to fight recklessly!
You are too injured to fight recklessly!
You are too injured to fight recklessly!
Unknown command.
You closely miss the gnoll.
The gnoll is heavily wounded.
You hit the gnoll.
You kill the gnoll!
You have reached level 4!
You feel clever.
You hit the gnoll.
The gnoll is lightly wounded.
You slash the gnoll!
You kill the gnoll!
The gnoll hits you with a +0 flail!
You die...

#### ### ..... ..# ##...
... ......#.# #...#.## .#
#...g).# ###### .## #..#@##
......##.. ...#..##
........####.##...##
#...... ......###.#
#...[#####.###∩#.#
#.......#.# #'#.#
#.........###.#.####### #
#...#....)............#
.####..###........#.#####.#


You could see a gnoll.

Vanquished Creatures
  3 gnolls (D:2)
  2 dart slugs (D:1)
  4 endoplasms
  3 giant cockroaches (D:1)
  6 goblins
  3 hobgoblins (D:1)
  2 kobolds
  A quokka (D:1)
  2 ball pythons
  2 bats
  3 frilled lizards (D:1)
  3 rats
34 creatures vanquished.

Notes
Turn   | Place    | Note
-------+----------+-------------------------------------------
     0 | D:1      | bande the Gargoyle Fighter began the quest for the Orb.
     0 | D:1      | Reached XP level 1. HP: 14/14 MP: 1/1
   193 | D:1      | Found Kufucl Zapn's Magic Scroll Emporium.
   198 | D:1      | Reached XP level 2. HP: 16/19 MP: 2/2
   703 | D:1      | Reached XP level 3. HP: 20/24 MP: 3/3
  1320 | D:2      | Found Rarraade's Jewellery Shop.
  1340 | D:2      | Reached XP level 4. HP: 10/29 MP: 4/4
  1340 | D:2      | Slain by a gnoll

Illustrated notes

Levels and vault maps discovered:
D:1:      arrival_zaba_pyramid, layout_basic, serial_shops, nicolae_shop_crystal
D:2:      layout_loops_corners, serial_shops, shop, nicolae_shop_trees,
          nicolae_lakefront_shop, nicolae_shop_window_shopping,
          hellmonk_ecumenical_altar_arch_garden, chequers_arboretum,
          hangedman_decor_growths, uniq_crazy_yiuf_cottage

Skill      XL: |  1  2 |
---------------+-------+-----
Axes           | 2 |  2.7
Fighting       | |  3.8
Armour         | |  3.9
Shields        | |  3.5

Action                   |  1- 3 |  4- 6 || total
-------------------------+-------+-------++-------
Melee: War axe           |    99 |     1 ||   100
  Use: Scroll            |     2 |       ||     2
Armor: Scale mail        |    54 |       ||    54
Dodge: Dodged            |    51 |       ||    51
Block: Buckler           |    27 |       ||    27

Table legend: (Time is in decaauts)
 A = Elapsed time spent in this place.
 B = Non-inter-level travel time spent in this place.
 C = Inter-level travel time spent in this place.
 D = Time resting spent in this place.
 E = Time spent auto-exploring this place.
 F = Levels seen in this place.
 G = Mean time per level.
                   A        B        C        D        E       F      G
               +--------+--------+--------+--------+--------+-----+--------+
         Total |   1383 |   1383 |      0 |      0 |   1087 |   2 |  691.5 |
       Dungeon |   1383 |   1383 |      0 |      0 |   1087 |   2 |  691.5 |
               +--------+--------+--------+--------+--------+-----+--------+

Top non-repeatable levels by time:
     D:1: 1198 daAuts
     D:2: 185 daAuts
